 Dungeon Crawl Stone Soup version 0.19.0-23-gf02e663 (webtiles) character file.

25 Peloso the Skirmisher (level 3, -1/28 (31) HPs)
             Began as a Ghoul Fighter on Nov 19, 2016.
             Slain by a goblin (2 damage)
             ... led by Robin
             ... on level 2 of the Dungeon.
             The game lasted 00:01:37 (975 turns).

Peloso the Skirmisher (Ghoul Fighter)                Turns: 975, Time: 00:01:38

HP:   -1/28 (31)    AC:  7    Str: 19    XL:     3   Next: 6%
MP:   2/2           EV:  7    Int:  3    God:
Gold: 53            SH:  8    Dex:  9    Spells: 0 memorised, 2 levels left

rFire  . . .     SeeInvis .     a - +0 long sword
rCold  + . .     Gourm    .     b - +0 scale mail
rNeg   + + +     Faith    .     c - +0 shield
rPois  ∞         Spirit   .     q - +0 helmet
rElec  .         Reflect  .     (no cloak)
rCorr  .         Harm     .     (no gloves)
MR     .....                    (no boots)
Stlth  ..........               (no amulet)
                                (no ring)
                                (no ring)

@: rotting
A: rotting body, claws 1, carnivore 3, cold resistance 1, negative energy
resistance 3, slow regeneration 1, torment resistance, unbreathing
a: no special abilities


You were on level 2 of the Dungeon.
You were not hungry.

You visited 1 branch of the dungeon, and saw 2 of its levels.

You collected 53 gold pieces.

Inventory:

Hand Weapons
 a - a +0 long sword (weapon)
Armour
 b - a +0 scale mail (worn)
 c - a +0 shield (worn)
 q - a +0 helmet (worn)
Jewellery
 r - an uncursed ring of protection from cold {unknown}
Scrolls
 e - 4 scrolls of enchant weapon {unknown}
 g - a scroll of remove curse {unknown}
 h - a scroll of amnesia {unknown}
 i - 2 scrolls of immolation {unknown}
 j - 3 scrolls of identify {unknown}
 k - a scroll of magic mapping {unknown}
 m - 3 scrolls of teleportation {unknown}
 p - 2 scrolls of enchant armour {unknown}
 s - a scroll of fog {unknown}
 w - a scroll of blinking {unknown}
Potions
 d - a potion of might
 l - a potion of heal wounds {unknown}
 t - a potion of curing {unknown}
 u - a potion of flight {unknown}
 v - a potion of resistance {unknown}
Comestibles
 f - a meat ration
 n - 2 slices of pizza
 o - a royal jelly


   Skills:
 + Level 3.5 Fighting
 + Level 2.2 Long Blades
 + Level 2.9 Armour
 + Level 3.0 Shields


You had 2 spell levels left.
You didn't know any spells.

Dungeon Overview and Level Annotations

Branches:
Dungeon (2/15)

Altars:
Ru

Annotations:
D:2 Robin


Innate Abilities, Weirdness & Mutations

Your body is rotting away.
You thrive on raw meat.
You are immune to poison.
You have sharp fingernails.
You are carnivorous and can eat meat at any time.
Your flesh is cold resistant. (rC+)
You are immune to negative energy. (rN+++)
You regenerate slowly when monsters are visible.
You are immune to unholy pain and torment.
You can survive without breathing.


Message History

Your shield and scale mail prevent you from hitting the hobgoblin.
The goblin no longer looks unusually strong. x2
You block the hobgoblin's attack.
Robin roars a battlecry!
The goblins go into a battle-frenzy!
The hobgoblin hits you.
You hear a shout!
You closely miss the hobgoblin. The hobgoblin barely misses you.
Unknown command.
You hit the hobgoblin.
The hobgoblin is heavily wounded.
The hobgoblin hits you.
* * * LOW HITPOINT WARNING * * *
Unknown command.
You hit the hobgoblin.
You kill the hobgoblin!
Robin throws the goblin at you!
* * * LOW HITPOINT WARNING * * *
The goblin hits you.
You die...

###.#.# .(...#
#.....###.?.$.....
#.......+....g...
#....####..g.g #.#.##
#g... #.### #... #.# #..
#.# #'####### #.##
#gg)@g..# #..########
#.#####.#
#.........###.#####.####.#
..#######.##...#.........#
#.# #.#......##.###### #.#
#.##...#.##.# #.#
#.###.......# #.#
#........#### #.#
#.########


You could see Robin and 2 goblins.

Vanquished Creatures
  2 leopard geckos
  A giant cockroach (D:1)
  A hobgoblin (D:2)
  4 jackals (D:1)
  A ball python (D:1)
  2 bats (D:1)
  A frilled lizard (D:1)
  7 goblins
  A kobold (D:1)
20 creatures vanquished.

Notes
Turn   | Place    | Note
-------+----------+-------------------------------------------
     0 | D:1      | Peloso the Ghoul Fighter began the quest for the Orb.
     0 | D:1      | Reached XP level 1. HP: 19/19 MP: 0/0
    80 | D:1      | Reached XP level 2. HP: 23/26 MP: 1/1
   680 | D:2      | Found a sacrificial altar of Ru.
   954 | D:2      | Noticed Robin
   971 | D:2      | Reached XP level 3. HP: 20/29 MP: 2/2
   975 | D:2      | HP: 1/28 [Robin/goblin (3)]
   975 | D:2      | Slain by a goblin

Skill      XL: |  1  2 |
---------------+-------+-----
Long Blades    | 2 |  2.2
Shields        | 3 |  3.0
Fighting       | |  3.5
Armour         | |  2.9

Action                   || total
-------------------------++-------
Melee: Long sword        ||    58
Armor: Scale mail        ||    27
Dodge: Dodged            ||    30
Block: Shield            ||    39
       Rpst.: Long sword ||     8
